 Dungeon Crawl Stone Soup version 0.18-a0-674-g00855b9 (webtiles) character file.

178 xeno23 the Insei (level 5, 0/42 HPs)
             Began as a Human Monk on Dec 6, 2015.
             Slain by a hound (5 damage)
             ... on level 5 of the Dungeon.
             The game lasted 00:09:03 (2436 turns).

xeno23 the Insei (Human Monk)                       Turns: 2436, Time: 00:09:07

Health: 0/42       AC:  5    Str: 12    XL:     5   Next: 89%
Magic:  5/5        EV: 12    Int: 10    God:
Gold:   124        SH:  0    Dex: 16    Spells: 0 memorised, 4 levels left

rFire  + . .     SeeInvis .       - Unarmed
rCold  . . .     Clarity  .     k - +0 ring mail
rNeg   . . .     SustAt   .     (no shield)
rPois  +         Gourm    .     (no helmet)
rElec  .         Spirit   .     (no cloak)
rCorr  .         Dismiss  .     (no gloves)
rMut   .         Stasis   .     (no boots)
MR     .....                    (no amulet)
Stlth  +.........               j - ring of poison resistance
                                a - ring of protection from fire

@: not resistant to hostile enchantments, very unstealthy
A: no striking features
a: no special abilities


You were on level 5 of the Dungeon.
You were not hungry.

You visited 1 branch of the dungeon, and saw 5 of its levels.

You collected 124 gold pieces.

Inventory:

Hand Weapons
 x - a +0 blowgun
Missiles
 d - 5 javelins (quivered)
 o - 18 poisoned needles
 u - 6 needles of sleeping
Armour
 k - a +0 ring mail (worn)
 y - a +3 scale mail
Jewellery
 a - a ring of protection from fire (left hand)
 j - a ring of poison resistance (right hand)
 m - an uncursed ring of fire
Wands
 q - a wand of polymorph (17)
 w - a wand of hasting (5)
 A - a wand of magic darts (24)
Scrolls
 c - 3 scrolls of enchant weapon
 r - a scroll of random uselessness {unknown}
 t - a scroll of immolation
 v - a scroll of teleportation {unknown}
Potions
 f - a potion of might
 l - a potion of ambrosia {unknown}
 n - 2 potions of flight
Comestibles
 b - 3 bread rations
 h - a meat ration
 i - a beef jerky
 s - a fruit
 z - a chunk of flesh


   Skills:
 + Level 4.0 Fighting
 + Level 4.0 Dodging
 - Level 2.0 Stealth
 * Level 5.4 Unarmed Combat


You had 4 spell levels left.
You didn't know any spells.

Dungeon Overview and Level Annotations

Branches:
Dungeon (5/15)
 Temple: D:4-7

Altars:
Fedhas
Kikubaaqudgha
Pakellas

Annotations:
D:5 Yakui's ghost, novice MiMo


Message History

The hound is heavily wounded.
The hound barely misses you.
You punch the hound!
The hound is almost dead.
The hound bites you.
* * * LOW HITPOINT WARNING * * *
The worm bites you!
* * * LOW HITPOINT WARNING * * *
You take 13 damage.
Drink which item? (? for menu, Esc to quit)
Okay, then.
A centaur skeleton comes into view.
Drink which item? (? for menu, Esc to quit)
It was a potion of cancellation.
Your magical effects are unravelling.
Your magical contamination has completely faded away.
You feel magically purged.
You feel yourself slow down. The hound bites you.
You die...

.#..#..... .... #..#.##..
... Z.. ......##. .. #.. .
#....##. #####.# #.. ...
#%...##Y #......##
..##..####....#. ......>..
.......#......#.
..).....###....$....#....#.
........#h@..#......#......
..........####.............
.......Y######............)
.......w.YO.W5.............
........######.............
........# ##.............
........#####.?##..........
............O.###..........
.........W#######.s........


You could see an ice beast (inner flame), a hound (inner flame) and a centaur
skeleton.

Vanquished Creatures
  An orc wizard (D:3)
  Terence (D:2)
  A worker ant (D:4)
  3 adders
  A worm (D:2)
  2 giant geckos (D:3)
  8 orcs
  10 bats
  A giant cockroach (D:1)
  6 hobgoblins
  3 ball pythons (D:3)
  4 giant newts
  7 goblins
  3 jackals (D:2)
  9 kobolds
  2 quokkas
  7 rats
69 creatures vanquished.

Notes
Turn   | Place    | Note
--------------------------------------------------------------
     0 | D:1      | xeno23 the Human Monk began the quest for the Orb.
     0 | D:1      | Reached XP level 1. HP: 18/18 MP: 1/1
   193 | D:1      | Reached XP level 2. HP: 24/24 MP: 2/2
   783 | D:2      | Reached XP level 3. HP: 29/29 MP: 3/3
   954 | D:2      | Noticed Terence
   994 | D:2      | Killed Terence
   994 | D:2      | Reached XP level 4. HP: 20/35 MP: 4/4
  1121 | D:2      | Found an oddly glowing altar of Pakellas.
  1172 | D:2      | Reached skill level 5 in Unarmed Combat
  1291 | D:3      | Found a blossoming altar of Fedhas.
  1293 | D:3      | Found an ancient bone altar of Kikubaaqudgha.
  1533 | D:3      | Reached XP level 5. HP: 38/41 MP: 5/5
  2328 | D:4      | Noticed a phantom
  2353 | D:5      | Entered Level 5 of the Dungeon
  2356 | D:5      | Noticed Yakui's ghost (novice MiMo)
  2371 | D:5      | Noticed an ice beast
  2399 | D:5      | Noticed an ogre
  2436 | D:5      | Slain by a hound

Vault maps used:
D:1:      minmay_arrival_cross, st_stairs_4
D:2:      grunt_pakellas_basics, uniq_terence
D:3:      grunt_temple_overflow_growth_and_decay, first_bread,
          minmay_divided_ellipse
D:5:      minmay_holes, okawaru_gym_becter

Action                   |  1- 3 |  4- 6 || total
-------------------------+-------+-------++-------
Melee: Unarmed           |    89 |   144 ||   233
 Fire: Blowgun           |       |     1 ||     1
Throw: Javelin           |     1 |       ||     1
Evoke: Wand              |       |     1 ||     1
  Use: Scroll            |       |     9 ||     9
       Potion            |       |     1 ||     1
 Stab: Sleeping          |     4 |     2 ||     6
  Eat: Chunk             |       |     5 ||     5
